 Seeded DCSS version 0.28.0-1-gb440e238dd (webtiles) character file.

Game seed: 10844669733645250963 (custom seed)

35 hikkokomori the Bolt Thrower (level 3, -4/26 HPs)
             Began as a Barachi Arcane Marksman on Feb 25, 2022.
             Slain by an orc (9 damage)
             ... on level 2 of the Dungeon.
             The game lasted 00:02:15 (750 turns).

hikkokomori the Bolt Thrower (BaAM)                  Turns: 750, Time: 00:02:16

Health: -4/26      AC:  2    Str: 13    XL:     3   Next: 35%
Magic:  4/4        EV: 12    Int: 13    God:
Gold:   32         SH:  0    Dex: 12    Spells: 3/4 levels left

rFire   . . .      SeeInvis .   a - +0 hand crossbow
rCold   . . .      Faith    .   (no shield)
rNeg    . . .      Spirit   .   d - +0 robe
rPois   .          Reflect  .   (no helmet)
rElec   .          Harm     .   (no cloak)
rCorr   .          Rampage  .   (no gloves)
Will    .....                   (no boots)
Stlth   +.........              (no amulet)
HPRegen 0.08/turn               (no ring)
MPRegen 0.09/turn               (no ring)

@: unable to hop, slow
A: amphibious, slowness 1, strong legs 1, +LOS
a: Hop


You were on level 2 of the Dungeon.
You visited 1 branch of the dungeon, and saw 2 of its levels.

You collected 32 gold pieces.

Inventory:

Hand Weapons
 a - a +0 hand crossbow (weapon)
Missiles
 c - 7 bolts (quivered ammo)
Armour
 d - a +0 robe (worn)
Jewellery
 e - a ring of willpower
Scrolls
 b - 5 scrolls of identify {unknown}
 f - a scroll of immolation {unknown}
Potions
 g - a potion of curing {unknown}


   Skills:
 - Level 1.2 Fighting
 + Level 3.7 Crossbows
 - Level 2.1 Dodging
 - Level 1.1 Spellcasting
 - Level 3.2 Hexes


You had 3 spell levels left.
You knew the following spells:

 Your Spells              Type           Power      Damage    Failure   Level
a - Slow                  Hex            36%        N/A       8%          1

Your spell library contained the following spells:

 Spells                   Type           Power      Damage    Failure   Level
 Inner Flame              Hex/Fire       4%         N/A       38%         3
 Portal Projectile        Hex/Tloc       8%         N/A       38%         3
 Cause Fear               Hex            4%         N/A       58%         4


Dungeon Overview and Level Annotations

Branches:
Dungeon (2/15)

Altars:


Innate Abilities, Weirdness & Mutations

You are amphibious.
You cover ground slowly.
You can hop short distances.
You have an extended range of vision and can be seen from far away.


Message History

Done exploring.
There is a stone staircase leading down here.
You climb downwards.
Found a short sword.
There is a stone staircase leading up here.
Hop to where?
Press: ? - help, Dir - move target A kobold, 2 worms, a hobgoblin and an orc come into view.
Found 18 arrows and a coppery potion.
Boing!
The kobold shouts!
The orc shouts!
You hear a shout!
The hobgoblin shouts!
A hobgoblin comes into view.
The orc moves out of view.
You shoot a bolt. The bolt closely misses the hobgoblin.
The hobgoblin hits you.
A goblin comes into view. It is wielding a +0 club.
You shoot a bolt. The goblin shouts!
The bolt hits the kobold.
You kill the kobold!
The hobgoblin closely misses you.
You shoot a bolt.
The bolt hits the orc but does no damage.
The hobgoblin hits you. The orc hits you with a +0 flail.
The hobgoblin hits you but does no damage.
You shoot a bolt.
The bolt hits the orc but does no damage.
The orc barely misses you. The hobgoblin hits you.
You shoot a bolt. The bolt hits the orc!
The orc is almost dead.
The orc hits you with a +0 flail.
The hobgoblin hits you but does no damage.
You shoot a bolt.
The bolt hits the orc but does no damage.
The orc is almost dead.
The orc hits you with a +0 flail! The hobgoblin hits you.
* * * LOW HITPOINT WARNING * * *
The orc hits you with a +0 flail.
* * * LOW HITPOINT WARNING * * *
Found a scroll labelled PEETAMPUEKKUA.
The orc hits you with a +0 flail!
You die...

#.....?. ..
#....... !.
+.....(. ..
#....... .#
#....... .#
#....... .#
#......w g#
#.....gw#.###
#######o@...#
.......g....#
............####
##########)...<#
#.##### .# . #


You could see 2 worms, an orc, 2 hobgoblins and a goblin.

Vanquished Creatures
  A dart slug (D:1)
  4 bats (D:1)
  5 endoplasms (D:1)
  4 giant cockroaches (D:1)
  3 goblins (D:1)
  2 quokkas (D:1)
  3 ball pythons (D:1)
  3 frilled lizards (D:1)
  4 kobolds
  A rat (D:1)
30 creatures vanquished.

Notes
Turn   | Place    | Note
-------+----------+-------------------------------------------
     0 | D:1      | hikkokomori the Barachi Arcane Marksman began the quest for
                  | the Orb.
     0 | D:1      | Reached XP level 1. HP: 15/15 MP: 2/2
   248 | D:1      | Reached XP level 2. HP: 21/21 MP: 3/3
   499 | D:1      | Reached XP level 3. HP: 25/26 MP: 4/4
   564 | D:1      | Found a faded altar of an unknown god.
   750 | D:2      | Slain by an orc

Illustrated notes

Levels and vault maps discovered:
D:1:      dpeg_arrival_arbitrary_c, layout_basic,
          dreamdust_ecumenical_altar_grove
D:2:      layout_basic, uniq_robin

Skill      XL: |  1  2 |
---------------+-------+-----
Crossbows      | 3 |  3.7
Fighting       | |  1.2
Dodging        | |  2.1
Spellcasting   | |  1.1
Hexes          | |  3.2

Action                   || total
-------------------------++-------
 Fire: Hand crossbow     ||    78
 Abil: Hop               ||     1
Armor: Robe              ||     7
Dodge: Dodged            ||    14
